 Dungeon Sprint DCSS version 0.30.1-11-g7821555f0a (webtiles) character file.

Game seed: 5069531159428849610

5 Heoruswealwe the Covered (level 1, 0/20 HPs)
             Began as a Minotaur Fighter on Oct 31, 2023.
             Slain by an iguana (8 damage)
             ... in the Dungeon (Sprint IX: "|||||||||||||||||||||||||||||").
             The game lasted 00:00:20 (28 turns).

Heoruswealwe the Covered (Minotaur Fighter)           Turns: 28, Time: 00:00:21

Health: 0/20       AC:  7    Str: 20    XL:     1   Next: 66%
Magic:  0/0        EV:  9    Int:  5    God:
Gold:   0          SH:  4    Dex:  9    Spells: 0/0 levels left

rFire   . . .        a - +0 trident
rCold   . . .        d - +0 buckler
rNeg    . . .        c - +0 scale mail
rPois   .            (helmet restricted)
rElec   .            (no cloak)
rCorr   .            (no gloves)
SInv    .            (no boots)
Will    .....        (no amulet) Stlth
                     (no ring)
HPRegen 0.23/turn    (no ring)
MPRegen 0.07/turn

%: no teleportation
@: no status effects
A: horns 2, retaliatory headbutt
a: no special abilities


You were in the Dungeon.
You visited 1 branch

Inventory:

Hand Weapons
 a - a +0 trident (weapon)
Armour
 c - a +0 scale mail (worn)
 d - a +0 buckler (worn)
Scrolls
 j - a scroll of blinking
Potions
 b - a potion of might
 e - a potion of curing
 f - a potion of heal wounds
 g - a potion of haste
 i - a potion of berserk rage


   Skills:
 + Level 4.2 Fighting
 * Level 3.8 Polearms
 + Level 4.2 Armour
 - Level 3.6 Shields


You couldn't memorise any spells.
You didn't know any spells.
Your spell library was empty.

Dungeon Overview and Level Annotations

Branches:
Dungeon (1/1)

Altars:


Innate Abilities, Weirdness & Mutations

You have a pair of horns on your head.
You reflexively headbutt those who attack you in melee.


Message History

The endoplasm is moderately wounded.
The endoplasm hits you.
You puncture the endoplasm!
You kill the endoplasm!
Your Polearms skill increases to level 3!
You closely miss the goblin. You headbutt the goblin.
You kill the goblin!
Your Fighting skill increases to level 4!
Your Armour skill increases to level 4!
You closely miss the ball python.
The ball python bites you but does no damage.
The ball python grabs you. The ball python constricts you.
The ball python closely misses you. The ball python constricts you.
You puncture the ball python!
You kill the ball python!
You miss the frilled lizard. You headbutt the frilled lizard.
You kill the frilled lizard!
There is an open door to the Dungeon here.
Things that are here:
a +0 club; a ball python corpse; a ball python corpse You start resting.
HP restored.
You open the door.
An iguana, a jelly, an ogre and 2 orcs come into view.
An orc is wielding a +2 whip of electrocution.
The iguana hisses angrily.
The orc shouts!
The jelly quivers.
The ogre shouts!
The orc shouts!
You puncture the iguana!
The iguana is heavily wounded.
You block the iguana's attack.
You hit the iguana.
The iguana is severely wounded.
The iguana bites you. The iguana bites you!
Ouch! That really hurt!
You barely miss the iguana.
The iguana is severely wounded.
The jelly jiggles.
The iguana bites you!
You die...

▓.▓
▓!▓
▓.▓
▓)▓
▓.▓
▓.▓
▓.▓
▓.▓
▓@▓
▓l▓
▓o▓
▓J▓
▓O▓
▓o▓
▓.▓
▓+▓


You could see an ogre, an iguana, a jelly and 2 orcs.

Vanquished Creatures
  An endoplasm (D)
  A goblin (D)
  2 ball pythons (D)
  A frilled lizard (D)
5 creatures vanquished.

Notes
Turn   | Place    | Note
-------+----------+-------------------------------------------
     0 | D        | Heoruswealwe the Minotaur Fighter began the quest for the
                  | Orb.
     0 | D        | Reached XP level 1. HP: 19/19 MP: 0/0
    25 | D        | Noticed an iguana
    25 | D        | Noticed a jelly
    25 | D        | Noticed an ogre
    28 | D        | Slain by an iguana

Illustrated notes

Levels and vault maps discovered:
D:        linesprint [early_d, line_temple, items_1, d_10, items_2, lair_1,
          lair_end, items_3, orc_1, orc_end, items_4, d_15, swamp_1, shoals_1,
          snake_1, spider_1, d_20, vaults_1, items_5, swamp_end, shoals_end,
          snake_end, spider_end, vaults_end, d_27, items_6, zot_1, zot_end,
          crypt_end, forest_end, elf_end, slime_end, tomb_end, abyss_end,
          pan_hell_end]

Skill      XL: |  1 |
---------------+----+-----
Polearms       | 3 |  3.8
Fighting       | 4 |  4.2
Armour         | 4 |  4.2
Shields        | |  3.6

Action                     || total
---------------------------++-------
  Melee: Trident           ||    11
         Headbutt          ||     2
 Armour: Scale mail        ||     1
  Dodge: Dodged            ||     1
  Block: Buckler           ||     1
